 Dungeon Sprint DCSS version 0.21.1-72-gffa868e0fe (webtiles) character file.

839 Osmon the Basher (level 7, -5/77 HPs)
             Began as a Minotaur Berserker on Aug 3, 2018.
             Was an Elder of Trog.
             Slain by a neqoxec (11 damage)
             ... in the Dungeon (Sprint II: "The Violet Keep of Menkaure").
             The game lasted 00:02:42 (496 turns).

Osmon the Basher (Minotaur Berserker)                Turns: 496, Time: 00:02:43

Health: -5/77      AC:  2    Str: 24      XL:     7   Next: 67%
Magic:  6/6        EV: 14    Int: -1 (4)  God:    Trog [****..]
Gold:   729        SH:  0    Dex:  7 (9)  Spells: 6/6 levels left

rFire    . . .     SeeInvis .   a - +0 mace
rCold    . . .     Gourm    .   (no shield)
rNeg     . . .     Faith    .   b - +0 animal skin
rPois    .         Spirit   .   (helmet restricted)
rElec    .         Reflect  .   (no cloak)
rCorr    .         Harm     .   (no gloves)
MR       .....     NoTele   +   (no boots)
Stlth    +.........             (no amulet)
HPRegen  0.22/turn              (no ring)
MPRegen  0.10/turn              (no ring)

@: berserk cooldown, hasted and slowed, lost intelligence
A: retaliatory headbutt, horns 2, deterioration 1, MP-powered wands
a: Berserk, Trog's Hand, Brothers in Arms, Burn Spellbooks, Renounce Religion


You were in the Dungeon.
You worshipped Trog.
Trog was greatly pleased with you.
You were very hungry.

You visited 1 branch You collected 729 gold pieces.

Inventory:

Hand Weapons
 a - a +0 mace (weapon)
Missiles
 j - 6 needles of sleeping
Armour
 b - a +0 animal skin (worn)
Scrolls
 i - a scroll of blinking
Potions
 g - 2 potions of magic
 h - a potion of berserk rage
Comestibles
 c - a ration
 d - 6 chunks of flesh


   Skills:
 + Level 12.1 Fighting
 + Level 13.8 Maces & Flails
 + Level 6.1 Armour
 + Level 6.1 Dodging


You had 6 spell levels left.
You didn't know any spells.

Dungeon Overview and Level Annotations

Branches:
Dungeon (1/1)

Altars:


Innate Abilities, Weirdness & Mutations

You reflexively headbutt those who attack you in melee.
You have a pair of horns on your head.
Your body sometimes deteriorates upon taking damage.
You expend magic power (3 MP) to strengthen your wands.


Message History

You hit the white imp. Your headbutt misses the white imp.
The white imp is lightly wounded.
The white imp closely misses you.
You barely miss the white imp.
The white imp is lightly wounded.
The white imp hits you.
* * * LOW HITPOINT WARNING * * *
The white imp freezes you.
* * * LOW HITPOINT WARNING * * *
You feel yourself speed up. The white imp hits you.
* * * LOW HITPOINT WARNING * * *
The white imp freezes you.
* * * LOW HITPOINT WARNING * * *
You barely miss the neqoxec.
The neqoxec is severely wounded.
You hit the neqoxec but do no damage.
The neqoxec is severely wounded.
You feel yourself speed up. The neqoxec hits you!
You die...

+## #.## ##..# ###
#..#### ##.#
#'###.##
#..###.##...#
+##.@35.'.##'..#
#..###.##...#....#
##. #'###.## ....
## .$. ## ...
..##. §. ### ## ≈


You could see a neqoxec and a white imp.

Vanquished Creatures
  3 neqoxecs (D)
  4 necrophages (D)
  4 worker ants (D)
  2 worms (D)
13 creatures vanquished.

Vanquished Creatures (others)
  Menkaure (D)
  2 crocodiles (D)
3 creatures vanquished.

Grand Total: 16 creatures vanquished

Notes
Turn   | Place    | Note
-------+----------+-------------------------------------------
     0 | D        | Osmon the Minotaur Berserker began the quest for the Orb.
     0 | D        | Reached XP level 1. HP: 19/19 MP: 0/0
     8 | D        | Reached skill level 4 in Maces & Flails
    53 | D        | Killed a crocodile
   158 | D        | Killed Menkaure
   225 | D        | Killed a crocodile
   294 | D        | Noticed a necrophage
   294 | D        | Noticed a necrophage
   294 | D        | Noticed a necrophage
   294 | D        | Noticed a necrophage
   298 | D        | Killed a necrophage
   298 | D        | Reached ** piety under Trog
   298 | D        | Reached skill level 7 in Maces & Flails
   298 | D        | Reached XP level 2. HP: 34/34 MP: 1/1
   298 | D        | Reached XP level 3. HP: 39/39 MP: 2/2
   298 | D        | Reached XP level 4. HP: 47/47 MP: 3/3
   300 | D        | Killed a necrophage
   300 | D        | Reached skill level 9 in Maces & Flails
   300 | D        | Reached XP level 5. HP: 56/56 MP: 4/4
   303 | D        | Killed a necrophage
   303 | D        | Reached skill level 10 in Maces & Flails
   303 | D        | Reached skill level 5 in Armour
   306 | D        | Killed a necrophage
   306 | D        | Reached *** piety under Trog
   306 | D        | Reached skill level 10 in Fighting
   306 | D        | Reached skill level 11 in Maces & Flails
   306 | D        | Reached XP level 6. HP: 66/66 MP: 5/5
   320 | D        | Reached skill level 5 in Dodging
   329 | D        | Reached skill level 12 in Maces & Flails
   458 | D        | Noticed a neqoxec
   458 | D        | Noticed a neqoxec
   458 | D        | Noticed a neqoxec
   458 | D        | Noticed a neqoxec
   459 | D        | Gained mutation: You expend magic power (3 MP) to strengthen your wands. [a neqoxec]
   464 | D        | Killed a neqoxec
   464 | D        | Reached **** piety under Trog
   464 | D        | Reached XP level 7. HP: 74/74 MP: 6/6
   468 | D        | Killed a neqoxec
   468 | D        | Reached skill level 13 in Maces & Flails
   476 | D        | Killed a neqoxec
   476 | D        | Received a gift from Trog
   485 | D        | Lost intelligence.
   489 | D        | Gained mutation: Your body sometimes deteriorates upon taking damage. [a neqoxec]
   496 | D        | Slain by a neqoxec

Skill      XL: |  1  2  3  4  5  6  7 |
---------------+----------------------+-----
Fighting       | 7 8 10 11 12 | 12.1
Maces & Flails | 7 9 11 12 13 | 13.8
Armour         | 4 5 6 |  6.1
Dodging        | 3 4 5 6 |  6.1

Action                   |  1- 3 |  4- 6 |  7- 9 || total
-------------------------+-------+-------+-------++-------
Melee: Mace              |     7 |    24 |    22 ||    53
       Headbutt          |     1 |     5 |     2 ||     8
Invok: Berserk           |     2 |     1 |       ||     3
  Use: Potion            |       |     1 |     2 ||     3
Armor: Animal skin       |     1 |     1 |     6 ||     8
Dodge: Dodged            |     2 |    12 |    14 ||    28
